 Dungeon Crawl Stone Soup version 0.23.0 (webtiles) character file.

Game seed: 2232791134906211581

669 Morgius the Ruffian (level 7, -13/70 HPs)
             Began as a Troll Monk on Feb 14, 2019.
             Killed by divine providence
             ... invoked by an orc priest
              (14 damage)
             ... on level 4 of the Dungeon.
             The game lasted 00:05:38 (1804 turns).

Morgius the Ruffian (Troll Monk)                    Turns: 1804, Time: 00:05:39

Health: -13/70     AC:  7    Str: 22    XL:     7   Next: 32%
Magic:  6/6        EV:  9    Int:  6    God:
Gold:   219        SH:  9    Dex: 12    Spells: 6/6 levels left

rFire    . . .     SeeInvis .     - Unarmed
rCold    . . .     Gourm    +   m - +0 shield
rNeg     . . .     Faith    .   a - +0 robe
rPois    .         Spirit   .   (helmet restricted)
rElec    .         Reflect  .   q - +0 cloak
rCorr    .         Harm     .   (gloves unavailable)
MR       .....                  (boots unavailable)
Stlth    ++........             (no amulet)
HPRegen  0.61/turn              (no ring)
MPRegen  0.10/turn              (no ring)

@: no status effects
A: large, unfitting armour, claws 3, fast metabolism 3, gourmand, regeneration
1, shaggy fur 1, tough skin 3
a: no special abilities


You were on level 4 of the Dungeon.
You were very full.

You visited 1 branch of the dungeon, and saw 4 of its levels.

You collected 219 gold pieces.

Inventory:

Missiles
 i - 4 needles of confusion
 k - 2 tomahawks (quivered)
Armour
 a - a +0 robe (worn)
 m - a +0 shield (worn)
 q - a +0 cloak (worn)
Wands
 o - a wand of polymorph (9)
Scrolls
 c - a scroll of enchant armour {unknown}
 d - 3 scrolls of teleportation {unknown}
 e - 3 scrolls of identify {unknown}
 h - 2 scrolls of enchant weapon {unknown}
 j - 2 scrolls of amnesia {unknown}
 l - a scroll of blinking {unknown}
Potions
 f - 3 potions of heal wounds {unknown}
 g - a potion of mutation {unknown}
 n - a potion of agility {unknown}
 p - a potion of lignification {unknown}
 r - a potion of haste
 t - 2 potions of curing {unknown}
Comestibles
 b - 9 rations
 s - 2 chunks of flesh


   Skills:
 + Level 4.1 Fighting
 + Level 4.2 Dodging
 - Level 1.0 Stealth
 * Level 2.8 Shields
 + Level 5.0 Unarmed Combat


You had 6 spell levels left.
You didn't know any spells.
Your spell library contained the following spells:

 Spells                   Type           Power        Failure   Level  Hunger
 Confusing Touch          Hex            #.....       88%         1    ##.....
 Confuse                  Hex            #.......     99%         3    ####...
 Gell's Gravitas          Tloc           #.........   99%         3    ####...
 Petrify                  Tmut/Erth      #.......     100%        4    #####..
 Metabolic Englaciation   Hex/Ice        #.........   100%        5    ######.
 Yara's Violent Unravell  Hex/Tmut       #.........   100%        5    ######.


Dungeon Overview and Level Annotations

Branches:
Dungeon (4/15)
 Temple: D:4-7

Altars:
Wu Jian


Innate Abilities, Weirdness & Mutations

You are too large for most types of armour.
You have claws for hands.
Your metabolism is lightning-fast.
You like to eat raw meat.
Your natural rate of healing is unusually fast.
You are covered in fur. (AC +1)
You have extremely tough skin. (AC +3)


Message History

You block the orc's attack.
You scratch the orc priest but do no damage.
The orc priest is moderately wounded.
The orc priest invokes the aid of Beogh against you.
Beogh smites you!
* * * LOW HITPOINT WARNING * * *
You block the orc's attack.
The orc priest miscasts a cantrip.
You scratch the orc priest.
The orc priest is moderately wounded.
The orc priest miscasts a cantrip.
The orc closely misses you.
You claw the orc priest!
The orc priest is almost dead.
The orc priest hits you but does no damage.
The orc hits you from afar with a +0 trident.
* * * LOW HITPOINT WARNING * * *
The orc priest invokes the aid of Beogh against you.
Beogh smites you!
You die...

.#.### ..... ###....
.....# .## ....# #..#
#.oo #..## #.o# #...##
.. #.@# ##....##
...###..# #......#
........# ##......###
........###.)........
......#..#.).).......
....####....รท#####...
..## ###.### .# ##..##
#....#


You could see 2 orc priests and an orc.

Vanquished Creatures
  Grinder (D:3)
  Sigmund (D:2)
  3 orc wizards
  2 orc priests
  Jessica (D:3)
  Crazy Yiuf (D:2)
  Robin (D:3)
  3 adders (D:2)
  3 worms (D:2)
  2 dart slugs
  12 orcs
  3 bats
  6 giant cockroaches
  9 hobgoblins
  4 jackals (D:1)
  A quokka (D:3)
  4 ball pythons
  2 frilled lizards
  16 goblins
  8 kobolds
  7 rats
90 creatures vanquished.

Notes
Turn   | Place    | Note
-------+----------+-------------------------------------------
     0 | D:1      | Morgius the Troll Monk began the quest for the Orb.
     0 | D:1      | Reached XP level 1. HP: 22/22 MP: 0/0
   121 | D:1      | Reached XP level 2. HP: 29/29 MP: 1/1
   600 | D:2      | Noticed Sigmund
   616 | D:2      | Killed Sigmund
   616 | D:2      | Reached skill level 4 in Unarmed Combat
   616 | D:2      | Reached XP level 3. HP: 18/37 MP: 2/2
   616 | D:2      | Reached XP level 4. HP: 22/45 MP: 3/3
   616 | D:2      | Reached XP level 5. HP: 26/53 MP: 4/4
  1093 | D:2      | Found a runed translucent door.
  1094 | D:2      | Noticed Crazy Yiuf
  1099 | D:2      | Killed Crazy Yiuf
  1195 | D:3      | Reached skill level 1 in Shields
  1216 | D:3      | Noticed Grinder
  1218 | D:3      | Paralysed by Grinder for 3 turns
  1242 | D:3      | Killed Grinder
  1242 | D:3      | Reached XP level 6. HP: 50/62 MP: 5/5
  1271 | D:3      | Noticed Jessica
  1286 | D:3      | Killed Jessica
  1306 | D:3      | Noticed Robin
  1341 | D:3      | Killed Robin
  1374 | D:3      | Reached XP level 7. HP: 56/70 MP: 6/6
  1519 | D:3      | Found an ornate altar of the Wu Jian Council.
  1725 | D:3      | Found a faded altar of an unknown god.
  1767 | D:4      | Reached skill level 5 in Unarmed Combat
  1802 | D:4      | HP: 1/70 [orc priest/divine providence (13)]
  1804 | D:4      | Killed from afar by an orc priest

Skill      XL: |  1  2  3  4  5  6  7 |
---------------+----------------------+-----
Fighting       | 3 4 |  4.1
Dodging        | 3 4 |  4.2
Unarmed Combat | 4 5 |  5.0
Shields        | 2 |  2.8
Stealth        | |  1.0

Action                   |  1- 3 |  4- 6 |  7- 9 || total
-------------------------+-------+-------+-------++-------
Melee: Unarmed           |    67 |   127 |    48 ||   242
 Stab: Sleeping          |     2 |     1 |       ||     3
  Eat: Chunk             |    10 |     8 |     4 ||    22
Armor: Robe              |    43 |    39 |    24 ||   106
Dodge: Dodged            |    56 |    46 |    13 ||   115
Block: Shield            |       |    42 |    22 ||    64
